 Dungeon Crawl Stone Soup version 0.16.2-3-ga078185 (webtiles) character file.

131 gorblad the Covert (level 5, 0/34 HPs)
             Began as an Octopode Assassin on Sept 8, 2015.
             Succumbed to an adder's poison
             ... on level 3 of the Dungeon.
             The game lasted 00:03:58 (1679 turns).

gorblad the Covert (Octopode Assassin)              Turns: 1679, Time: 00:03:58

Health: 0/34       AC:  1    Str: 10    XL:     5   Next: 14%
Magic:  5/5        EV: 12    Int: 13    God:
Gold:   80         SH:  0    Dex: 15    Spells: 0 memorised, 4 levels left

rFire  . . .     SeeInvis .     a - +2 dagger
rCold  . . .     Clarity  .     (no shield)
rNeg   + . .     SustAb   .     (helmet restricted)
rPois  .         Gourm    .     l - amulet of warding
rElec  .         Spirit   .     (no ring)
rCorr  .         Warding  +     (no ring)
rMut   .         Stasis   .     (no ring)
MR     .....                    (no ring)
Stlth  +++++.....               (no ring)
                                (no ring)
                                (no ring)
                                (no ring)

@: lethally poisoned (0 -> -2), not resistant to hostile enchantments, quite
stealthy
A: almost no armour, amphibious, 8 rings, constrict 8, camouflage 1, gelatinous
body 1
a: no special abilities


You were on level 3 of the Dungeon.
You were not hungry.

You visited 1 branch of the dungeon, and saw 3 of its levels.

You collected 80 gold pieces.

Inventory:

Hand weapons
 a - a +2 dagger (weapon)
 b - a +0 blowgun
Missiles
 e - 8 poisoned needles
 f - 2 curare-tipped needles
Jewellery
 l - an amulet of warding (around mantle)
Scrolls
 c - 3 scrolls of remove curse
 i - 5 scrolls of identify
Potions
 d - 2 potions of curing
 j - a potion of flight
 k - a potion of restore abilities {unknown}
Comestibles
 g - 2 bread rations
 h - 2 meat rations


   Skills:
 + Level 2.2 Fighting
 + Level 2.2 Short Blades
 + Level 2.1 Throwing
 + Level 1.5 Dodging
 + Level 8.1 Stealth


You had 4 spell levels left.
You didn't know any spells.

Dungeon Overview and Level Annotations

Branches:
Dungeon (3/15)

Altars:
Ru
The Shining One


Innate Abilities, Weirdness & Mutations

You cannot wear most types of armour.
You are amphibious.
You can wear up to eight rings at the same time.
You can use your tentacles to constrict many enemies at once.
Your skin changes colour to match your surroundings (Stealth).
Your rubbery body absorbs attacks (AC +1).


Message History

You start resting.
An adder comes into view.
An adder is nearby!
You are too injured to fight recklessly!
You are too injured to fight recklessly!
You are too injured to fight recklessly!
You are too injured to fight recklessly!
Items here: ))) [[ ††
Things that are here:
a mace; an orc corpse The adder closely misses you.
You hit the adder. You grab the adder.
The adder is moderately wounded.
You constrict the adder. The adder barely misses you. The adder bites you.
* * * LOW HITPOINT WARNING * * *
You are lethally poisoned!
The adder poisons you!
You hit the adder. You squeeze the adder.
You kill the adder!
You die...

########### #.........#.#
#.....#...# #.#'#.....#.#
###.....#...###.#.#.....#.#
#.......#...'...#.#.....#.#
#......##...#####.#.....#.#
#(.....##†..#####.#######.##
+..†...>.................<..
#.......###.#####.##########
#.......# #@# #..
#...###.###†## ... #...
#......+ #... #####.## #...
###.########## #...
#...)........$. .
#...)..........
#....[.†......[
#.............


There were no monsters in sight!

Vanquished Creatures
  Jessica (D:3)
  4 adders
  4 worms
  A giant gecko (D:1)
  4 orcs (D:3)
  A ball python (D:1)
  4 bats
  4 goblins (D:1)
  4 hobgoblins (D:1)
  A quokka (D:2)
  2 giant cockroaches
  3 giant newts
  10 kobolds
  8 rats
51 creatures vanquished.

Notes
Turn   | Place    | Note
--------------------------------------------------------------
     0 | D:1      | gorblad, the Octopode Assassin, began the quest for the Orb.
     0 | D:1      | Reached XP level 1. HP: 14/14 MP: 1/1
   181 | D:1      | Reached XP level 2. HP: 6/19 MP: 2/2
   470 | D:1      | Reached skill level 6 in Stealth
   842 | D:1      | Reached XP level 3. HP: 24/24 MP: 3/3
  1091 | D:1      | You fall through a shaft!
  1307 | D:2      | Reached skill level 7 in Stealth
  1361 | D:2      | Reached XP level 4. HP: 29/29 MP: 4/4
  1388 | D:2      | Found a glowing golden altar of the Shining One.
  1488 | D:2      | Found a sacrificial altar of Ru.
  1640 | D:3      | Noticed Jessica
  1658 | D:3      | Killed Jessica
  1658 | D:3      | Reached skill level 8 in Stealth
  1658 | D:3      | Reached XP level 5. HP: 2/34 MP: 5/5
  1678 | D:3      | HP: 1/34 [adder (3)]
  1679 | D:3      | Succumbed to an adder's poison

Action                   |  1- 3 |  4- 6 || total
-------------------------+-------+-------++-------
Melee: Dagger            |    60 |    29 ||    89
  Use: Scroll            |     4 |       ||     4
 Stab: Sleeping          |    18 |     3 ||    21
  Eat: Chunk             |     1 |     1 ||     2
